 Dungeon Crawl Stone Soup version 0.17-a0-2055-gb4e23be (webtiles) character file.

671 Jackolantern the Ruffian (level 7, -8/68 HPs)
             Began as a Troll Monk on Oct 12, 2015.
             Was a Priest of Zin.
             Mangled by Jackolantern's ghost (12 damage)
             ... on level 4 of the Dungeon.
             The game lasted 00:11:17 (2320 turns).

Jackolantern the Ruffian (Troll Monk)               Turns: 2320, Time: 00:11:17

Health: -8/68      AC:  6    Str: 22    XL:     7   Next: 32%
Magic:  7/9        EV: 11    Int:  6    God:    Zin [***...]
Gold:   112        SH:  0    Dex: 12    Spells: 0 memorised, 6 levels left

rFire  . . .     SeeInvis .       - Unarmed
rCold  . . .     Clarity  .     a - +0 robe
rNeg   . . .     SustAt   .     (no shield)
rPois  .         Gourm    +     (helmet restricted)
rElec  .         Spirit   .     c - +0 cloak (curse)
rCorr  .         Warding  .     (gloves unavailable)
rMut   .         Stasis   .     (boots unavailable)
MR     .....                    (no amulet)
Stlth  +.........               (no ring)
                                (no ring)

@: not resistant to hostile enchantments, very unstealthy
A: unfitting armour, claws 3, fast metabolism 3, gourmand, regeneration 2,
shaggy fur 1, tough skin 2
a: Donate Gold, Recite, Vitalisation, Imprison, Renounce Religion


You were on level 4 of the Dungeon.
You worshipped Zin.
Zin was most pleased with you.
You were not hungry.

You visited 1 branch of the dungeon, and saw 4 of its levels.

You collected 186 gold pieces.
You donated 74 gold pieces to Zin.

Inventory:

Armour
 a - a +0 robe (worn)
 c - a cursed +0 cloak (worn)
Jewellery
 i - an uncursed ring of ice {unknown}
Wands
 o - a wand of frost (23)
Scrolls
 e - 5 scrolls of identify {unknown}
 h - a scroll of teleportation {unknown}
 k - a scroll of enchant armour {unknown}
 l - 2 scrolls of noise {unknown}
 n - 2 scrolls of amnesia {unknown}
Potions
 d - a potion of haste {unknown}
 f - a potion of might {unknown}
 g - 2 potions of mutation {unknown}
 j - a potion of agility
 m - a potion of degeneration {unknown}
Comestibles
 b - 6 bread rations


   Skills:
 + Level 3.9 Fighting
 - Level 4.2 Dodging
 - Level 1.1 Stealth
 + Level 5.2 Unarmed Combat
 * Level 4.0 Invocations


You had 6 spell levels left.
You didn't know any spells.

Dungeon Overview and Level Annotations

Branches:
Dungeon (4/15)
 Temple: D:4-7

Altars:
Zin

Annotations:
D:4 Jackolantern's ghost, amateur HOMo; Sigmund


Innate Abilities, Weirdness & Mutations

You are too large for most types of armour.
You have claws for hands.
Your metabolism is lightning-fast.
You like to eat raw meat.
You heal very quickly.
You are covered in fur (AC +1).
You have very tough skin (AC +2).


Message History

You miss Jackolantern's ghost.
Jackolantern's ghost is severely damaged.
Jackolantern's ghost hits you.
* * * LOW HITPOINT WARNING * * *
You closely miss Jackolantern's ghost.
Jackolantern's ghost is severely damaged.
Jackolantern's ghost hits you.
* * * LOW HITPOINT WARNING * * *
You scratch Jackolantern's ghost.
Jackolantern's ghost is severely damaged.
You have got your breath back.
Jackolantern's ghost closely misses you.
You closely miss Jackolantern's ghost.
Jackolantern's ghost is severely damaged.
Jackolantern's ghost hits you.
* * * LOW HITPOINT WARNING * * *
You scratch Jackolantern's ghost.
Jackolantern's ghost is almost destroyed.
Jackolantern's ghost hits you!
You die...

####.# #.[..# #.####
#.# # #.# ..... #.#
......###############.#
..........?W#.......#.#
...........@..........#
##
............#.......###
#.
.....$#######.......#
#.
......###...........#
#.
......#.W...........#
#.
......##....$########
#. ############## ##


You could see Jackolantern's ghost.

Vanquished Creatures
  A phantom (D:4)
  An ogre (D:4)
  A giant frog (D:4)
  The ghost of Jackolantern the Covert, an amateur SpAs of Sif Muna (D:3)
  Crazy Yiuf (D:2)
  Ijyb (D:4)
  3 orc wizards
  Jessica (D:3)
  2 worker ants (D:4)
  Robin (D:3)
  4 adders
  2 adder skeletons (D:4)
  4 worms
  2 giant geckos
  9 orcs
  6 giant cockroaches
  14 goblins
  8 hobgoblins
  3 jackals (D:3)
  12 kobolds
  2 ball pythons (D:2)
  6 bats
  4 giant newts
  3 rats
92 creatures vanquished.

Notes
Turn   | Place    | Note
--------------------------------------------------------------
     0 | D:1      | Jackolantern the Troll Monk began the quest for the Orb.
     0 | D:1      | Reached XP level 1. HP: 22/22 MP: 0/0
   133 | D:1      | Reached XP level 2. HP: 25/29 MP: 1/1
   399 | D:2      | Reached XP level 3. HP: 37/37 MP: 2/2
   414 | D:2      | Noticed Crazy Yiuf
   419 | D:2      | Killed Crazy Yiuf
   482 | D:3      | Reached XP level 4. HP: 41/45 MP: 3/3
   849 | D:2      | Found a glowing silver altar of Zin.
   889 | D:2      | Became a worshipper of Zin the Law-Giver
   889 | D:2      | Acquired Zin's first power
   889 | D:2      | Acquired Zin's second power
  1197 | D:3      | Noticed Robin
  1234 | D:3      | Noticed Jackolantern's ghost (amateur SpAs)
  1287 | D:2      | Donated 56 gold pieces to Zin
  1296 | D:3      | Killed Jackolantern's ghost
  1296 | D:3      | Reached skill level 1 in Invocations
  1296 | D:3      | Reached XP level 5. HP: 50/53 MP: 3/5
  1348 | D:3      | Killed Robin
  1373 | D:3      | Acquired Zin's third power
  1410 | D:3      | Noticed Jessica
  1419 | D:3      | Noticed Ijyb
  1558 | D:4      | Noticed Sigmund
  1587 | D:4      | Reached XP level 6. HP: 52/61 MP: 6/6
  1623 | D:4      | Killed Ijyb
  1694 | D:3      | Killed Jessica
  1968 | D:4      | Noticed a phantom
  1985 | D:4      | Killed a phantom
  1985 | D:4      | Reached skill level 5 in Unarmed Combat
  1985 | D:4      | Reached XP level 7. HP: 65/68 MP: 8/8
  2129 | D:4      | Noticed an ogre
  2136 | D:4      | Killed an ogre
  2282 | D:4      | Noticed Jackolantern's ghost (amateur HOMo)
  2320 | D:4      | Mangled by Jackolantern's ghost

Vault maps used:
D:1:      kilobyte_arrival_exit_the_forest
D:2:      overflow_temple_1_default, first_bread, uniq_crazy_yiuf_cottage
D:3:      uniq_jessica, uniq_iyjb, uniq_robin
D:4:      kennysheep_vampire_church, uniq_sigmund

Action                   |  1- 3 |  4- 6 |  7- 9 || total
-------------------------+-------+-------+-------++-------
Melee: Unarmed           |    55 |   184 |    29 ||   268
Invok: Recite            |       |     7 |     2 ||     9
       Donate Gold       |       |     1 |       ||     1
       Vitalisation      |       |     1 |       ||     1
       Imprison          |       |       |     1 ||     1
 Stab: Sleeping          |     1 |     2 |     1 ||     4
       Confused          |       |     1 |       ||     1
  Eat: Chunk             |       |    10 |       ||    10
       Meat ration       |       |     1 |       ||     1
       Bread ration      |       |       |     1 ||     1
       Beef jerky        |       |       |     1 ||     1
